 Dungeon Crawl Stone Soup version 0.26.0-15-gc6cd9f700b (webtiles) character file.

Game seed: 15887575311092300089

364 Fulmax the Shield-Bearer (level 6, -12/56 HPs)
             Began as a Minotaur Fighter on Jan 16, 2021.
             Killed from afar by a smoke demon (20 damage)
             ... with a ball of steam
             ... on level 1 of the Abyss.
             The game lasted 00:05:52 (2680 turns).

Fulmax the Shield-Bearer (Minotaur Fighter)         Turns: 2680, Time: 00:05:53

Health: -12/56     AC:  9    Str: 20    XL:     6   Next: 39%
Magic:  5/5        EV:  7    Int:  7    God:
Gold:   222        SH: 10    Dex: 10    Spells: 5/5 levels left

rFire    . . .     SeeInvis .   a - +0 war axe
rCold    . . .     Faith    .   c - +0 kite shield
rNeg     + . .     Spirit   .   b - +0 scale mail
rPois    .         Reflect  .   (helmet restricted)
rElec    .         Harm     .   k - scarf {repulsion}
rCorr    .         Rampage  .   i - +1 pair of gloves
Will     .....                  (no boots)
Stlth    ..........             v - amulet of the acrobat
HPRegen  0.18/turn              j - ring of positive energy
MPRegen  0.09/turn              (no ring)

@: liquid flames, hasted, glowing, repel missiles, very quick
A: retaliatory headbutt, horns 2
a: no special abilities


You were on level 1 of the Abyss.
You visited 1 branch of the dungeon, and saw 3 of its levels.
You visited the Abyss 1 time.

You collected 222 gold pieces.

Inventory:

Hand Weapons
 a - a +0 war axe (weapon)
Armour
 b - a +0 scale mail (worn)
 c - a +0 kite shield (worn)
 i - a +1 pair of gloves (worn)
 k - a scarf of repulsion (worn)
Jewellery
 j - a ring of positive energy (left hand)
 v - an amulet of the acrobat (around neck)
Scrolls
 l - a scroll of fear
 n - a scroll of amnesia
Potions
 d - 2 potions of might
 e - a potion of cancellation {unknown}
 p - a potion of heal wounds {unknown}
 r - a potion of curing {unknown}
 u - 2 potions of attraction {unknown}


   Skills:
 + Level 5.4 Fighting
 + Level 4.8 Axes
 - Level 5.0 Armour
 + Level 5.4 Shields


You had 5 spell levels left.
You didn't know any spells.
Your spell library was empty.

Dungeon Overview and Level Annotations

Branches:
Dungeon (3/15)

Altars:
Wu Jian
Yredelemnul


Innate Abilities, Weirdness & Mutations

You reflexively headbutt those who attack you in melee.
You have a pair of horns on your head.


Message History

The smoke demon gestures at you.
The sticky flame hits you but does no damage.
You are covered in liquid flames!
You hit the smoke demon but do no damage.
The smoke demon is severely wounded.
You are covered in liquid flames!
* * * LOW HITPOINT WARNING * * *
You block the smoke demon's attack.
The smoke demon hits you but does no damage.
You block the smoke demon's attack. The smoke demon hits you.
* * * LOW HITPOINT WARNING * * *
The smoke demon hits you.
* * * LOW HITPOINT WARNING * * *
The smoke demon hits you but does no damage.
You feel yourself speed up.
You are covered in liquid flames!
* * * LOW HITPOINT WARNING * * *
The smoke demon gestures at you. The ball of steam hits you!!
You die...

. # . #.# #. .
#.# ## # # ###.
#..(. #. ###.. #
#... . #.##
#.#...... . .#
...##.. #
.###.##. #.#
....3..###.# .
..### .
#@..#.##.####.##
#.3.#.##### ##
#.#####.# # #. #
. .# # .# . ..
#.


You could see 2 smoke demons.

Vanquished Creatures
  Sigmund (D:2)
  3 orc wizards (D:3)
  A gnoll (D:1)
  An adder (D:2)
  2 worms (D:2)
  3 dart slugs
  A leopard gecko (D:3)
  10 orcs (D:3)
  2 ball pythons (D:3)
  5 bats
  3 giant cockroaches
  15 goblins
  8 hobgoblins
  2 jackals (D:3)
  5 kobolds
  2 quokkas (D:3)
  3 frilled lizards
  4 rats
71 creatures vanquished.

Notes
Turn   | Place    | Note
-------+----------+-------------------------------------------
     0 | D:1      | Fulmax the Minotaur Fighter began the quest for the Orb.
     0 | D:1      | Reached XP level 1. HP: 19/19 MP: 0/0
   134 | D:1      | Reached XP level 2. HP: 27/27 MP: 1/1
   737 | D:2      | Reached XP level 3. HP: 29/33 MP: 2/2
   914 | D:2      | Noticed Sigmund
   921 | D:2      | Killed Sigmund
   922 | D:2      | Reached XP level 4. HP: 19/41 MP: 3/3
   922 | D:2      | Reached XP level 5. HP: 21/47 MP: 4/4
  1354 | D:2      | Found a faded altar of an unknown god.
  1474 | D:3      | Reached skill level 5 in Shields
  1479 | D:3      | Reached skill level 5 in Fighting
  1484 | D:3      | Reached skill level 5 in Armour
  1711 | D:2      | Reached XP level 6. HP: 35/56 MP: 5/5
  1909 | D:3      | Found a basalt altar of Yredelemnul.
  2380 | D:3      | Found an ornate altar of the Wu Jian Council.
  2629 | D:3      | Cast into level 1 of the Abyss (orc)
  2669 | Abyss:1  | Noticed a smoke demon
  2678 | Abyss:1  | Noticed a smoke demon
  2680 | Abyss:1  | Killed from afar by a smoke demon

Illustrated notes

Levels and vault maps discovered:
D:1:      minmay_arrival_arboretum_small, layout_loops_ring,
          chequers_serial_rivers_micro_b
D:2:      layout_loops_ring, chequers_ecumenical_altar_simple, uniq_sigmund
D:3:      cheibrodos_greedy_goblins, layout_basic, lemuel_crystal_altar,
          overflow_temple_1_default, st_stairs_10, grunt_ministairs_12
Abyss:1:  base:
D:1

Skill      XL: |  1  2  3  4  5 |
---------------+----------------+-----
Fighting       | 4 5 |  5.4
Armour         | 4 5 |  5.0
Shields        | 4 5 |  5.4
Axes           | 3 4 |  4.8

Action                   |  1- 3 |  4- 6 || total
-------------------------+-------+-------++-------
Melee: War axe           |    32 |   113 ||   145
       Headbutt          |     5 |    21 ||    26
  Use: Potion            |     1 |     1 ||     2
       Scroll            |       |     8 ||     8
Armor: Scale mail        |     9 |    64 ||    73
Dodge: Dodged            |     7 |    35 ||    42
Block: Kite shield       |    11 |    72 ||    83
